[Event "*** Titled Tuesday Blitz"]
[Site "Chess.com"]
[Date "2020.11.10"]
[Round "1"]
[White "DrVelja"]
[Black "Omk124"]
[Result "1-0"]
[WhiteElo "2754"]
[BlackElo "2393"]
[TimeControl "180+1"]
[EndTime "10:07:20 PST"]
[Termination "DrVelja won by resignation"]

1. e4 g6 2. d4 Bg7 3. Nc3 c6 4. f4 d5 5. e5 Nh6 6. Nf3 O-O 7. Be3 f6 8. Qd2 Bg4 9. Be2 Nd7 10. O-O e6 11. exf6 Nxf6 12. h3 Bxf3 13. Bxf3 Nf5 14. Bf2 Ne4 15. Bxe4 dxe4 16. Rad1 Qb6 17. Nxe4 Qxb2 18. Rb1 Qxa2 19. Rxb7 Rad8 20. c3 Qd5 21.
Qe2 a5 22. Nc5 Rfe8 23. Ra7 Ra8 24. Rd7 Nd6 25. Re1 Rad8 26. Rxd8 Rxd8 27. Bh4 Re8 28.
Qa6 Nf5 29. Bf2 Bh6 30. Re5 Qd6 31. Ne4 Qf8 32. g3 Ra8 33. Qxc6 a4 34. Qxe6+ Kh8 35. Qa2 a3 36. d5 Nd6 37. Bc5 Nxe4 38. Bxf8 Nxc3 39.
Qxa3 Rxa3 40. Bxa3 Kg7 41. d6 Kf7 42. d7 1-0

[Event "*** Titled Tuesday Blitz"]
[Site "Chess.com"]
[Date "2020.11.10"]
[Round "1"]
[White "SHIVACalypso"]
[Black "Flawless_Fighter"]
[Result "0-1"]
[WhiteElo "2303"]
[BlackElo "2620"]
[TimeControl "180+1"]
[EndTime "10:07:20 PST"]
[Termination "Flawless_Fighter won by resignation"]

1. Nf3 Nf6 2. c4 e6 3. g3 d5 4. Bg2 d4 5. O-O c5 6. d3 Nc6 7.
Na3 Bd6 8. Nc2 e5 9. a3 a5 10. b3 O-O 11. Rb1 h6 12. Bd2 e4 13. Nfe1 Bf5 14. b4 axb4 15. axb4 Re8 16. bxc5 Bxc5 17. Rxb7 Ne5 18. Bb4 Qd6 19. Bxc5 Qxc5 20. Rb5 Qd6 21. dxe4 Bxe4 22. Qxd4 Qxd4 23. Nxd4 Nxc4 24. Bxe4 Rxe4 25. Nef3 Rd8 26. e3 Ree8 27. Rc1 Nd6 28. Ra5 Rd7 29.
Nf5 Nde4 30. Ra2 Kh7 31. N5d4 g6 32. Rac2 Ree7 33. Nc6 Re8 34. Nfd4 Kg7 35. Na5 Ree7 36. Nc4 h5 37. Nb6 Rb7 38. Na4 Ng5 39. h4 Nge4 40. Nc5 Nxc5 41. Rxc5 Ne4 42. R5c2 Red7 43. Kg2 Nf6 44.
Kf3 Nd5 45. Rc5 Nb4 46. R1c4 Nd3 47. Ra5 Rb2 48. Rc2 Ne1+ 49. Ke2 Nxc2 0-1

[Event "*** Titled Tuesday Blitz"]
[Site "Chess.com"]
[Date "2020.11.10"]
[Round "1"]
[White "Michaelson_11"]
[Black "Vsevolod_Ovchinnikov"]
[Result "0-1"]
[WhiteElo "2127"]
[BlackElo "2525"]
[TimeControl "180+1"]
[EndTime "10:07:20 PST"]
[Termination "Vsevolod_Ovchinnikov won by checkmate"]

1. e4 g6 2. d4 Bg7 3. Nc3 a6 4. a4 d6 5. Bc4 Nc6 6. Nf3 Nf6 7.
Qe2 Bg4 8. Be3 e5 9. dxe5 Nxe5 10. h3 Nxf3+ 11. gxf3 Bh5 12. O-O-O Nd7 13. Bd4 Bxd4 14. Rxd4 Ne5 15. Qe3 Nxf3 16. Nd5 c6 17. Nf4 Nxd4 18.
Qxd4 Rf8 19. Nxh5 gxh5 20. Qg7 Qe7 21. Qxh7 O-O-O 22. Bd3 Qg5+ 23. Kb1 Rd7 24. e5 f5 25. f4 Qg2 26. Qxh5 Qxh1+ 27. Ka2 Qd5+ 28. b3 dxe5 29. fxe5 Qxe5 30. Qh6 Rfd8 31. Bc4 Kb8 32. h4 Rd1 33. Ka3 Qc5+ 34. Kb2 Qd4+ 35. Ka3 a5 36. b4 Qc3+ 37. Bb3 Ra1# 0-1

[Event "*** Titled Tuesday Blitz"]
[Site "Chess.com"]
[Date "2020.11.10"]
[Round "1"]
[White "Tomekas1"]
[Black "ViditYT"]
[Result "0-1"]
[WhiteElo "2444"]
[BlackElo "2877"]
[TimeControl "180+1"]
[EndTime "10:07:21 PST"]
[Termination "ViditYT won on time"]

1. e4 c5 2. Nf3 d6 3. d4 cxd4 4. Nxd4 Nf6 5. Nc3 Nc6 6. Bg5 e6 7. Be2 Be7 8. Qd2 O-O 9. f3 a6 10. O-O-O Nxd4 11. Qxd4 b5 12. Kb1 Bb7 13. g4 Rc8 14.
Be3 Nd7 15. g5 Ne5 16. h4 Qc7 17. f4 Nc4 18. Bxc4 Qxc4 19. Rhe1 b4 20. Qxc4 Rxc4 21. Na4 Bxe4 22. Rd2 d5 23. Nb6 Rc6 24. Bd4 Bd6 25. Rf1 Rd8 26. h5 Bc7 27. Na4 Rc8 28. Rff2 a5 29.
h6 gxh6 30. gxh6 Kf8 31. Nc5 Bg6 32. Nd7+ Ke7 33. Ne5 Bxe5 34. fxe5 a4 35. Kc1 b3 36. axb3 axb3 37. c3 Ra8 38. Rd1 Ra2 39. Re1 Kd7 40.
Kd1 Rca6 41. Kc1 Kc6 0-1

[Event "*** Titled Tuesday Blitz"]
[Site "Chess.com"]
[Date "2020.11.10"]
[Round "1"]
[White "pastouche06"]
[Black "julinha97"]
[Result "1-0"]
[WhiteElo "2537"]
[BlackElo "2166"]
[TimeControl "180+1"]
[EndTime "10:07:22 PST"]
[Termination "pastouche06 won by checkmate"]

1. d4 Nf6 2. c4 g6 3. f3 d5 4. cxd5 Nxd5 5. e4 Nb6 6. Nc3 Bg7 7. Be3 O-O 8. Qd2 e5 9. d5 c6 10. Rd1 cxd5 11. exd5 N8d7 12. h4 Nf6 13. Nh3 Ne8 14. h5 Nd6 15. b3 Bxh3 16. Rxh3 Nf5 17. hxg6 hxg6 18. Bc5 Re8 19. Bb5 Nd7 20. Bf2 a6 21. Bd3 Nd4 22. Ne4 Nf6 23. Nxf6+ Qxf6 24. Be4 Rac8 25.
Rc1 Qb6 26. Be3 f5 27. Bd3 Rxc1+ 28. Qxc1 Qd6 29. Kf2 b5 30. a4 e4 31. Bf1 exf3 32. gxf3 Nxb3 33. Qc2 bxa4 34. Bc4 f4 35. Bc1 Nxc1 36.
Qxc1 Qc5+ 37. Kg2 Re2+ 38. Kh1 Qf2 39. d6+ Kf8 40. Qxf4+ Ke8 41. Qf7+ Kd8 42. Qc7+ Ke8 43. d7+ Ke7 44. d8=Q# 1-0

[Event "*** Titled Tuesday Blitz"]
[Site "Chess.com"]
[Date "2020.11.10"]
[Round "1"]
[White "ZenBull"]
[Black "PIwan"]
[Result "0-1"]
[WhiteElo "2151"]
[BlackElo "2532"]
[TimeControl "180+1"]
[EndTime "10:07:22 PST"]
[Termination "PIwan won on time"]

1. Nf3 e6 2. c4 f5 3. g3 Nf6 4. Bg2 d5 5. d3 Bd6 6. O-O O-O 7. Nbd2 Nc6 8. b3 d4 9. e4 dxe3 10. fxe3 e5 11. Qe2 Bc5 12. h3 Qe7 13. Re1 e4 14. dxe4 fxe4 15. Nh2 Qe5 16. Rb1 Qxg3 17. Ndf1 Qg5 18.
Bb2 Bxh3 19. Kh1 Ng4 20. Nxg4 Bxg4 21. Qc2 Qh4+ 22. Kg1 Bf3 23. Bxf3 exf3 24. Qf2 Qg4+ 25. Kh1 Rf5 26. Nh2 Qh5 27. Rg1 g6 28. Rg3 Bd6 29.
Rbg1 Bxg3 30. Rxg3 Raf8 31. Kg1 Rg5 32. Nf1 Ne5 33.
Bxe5 Rxe5 34. Nd2 Rg5 35. Nf1 Qh4 36. Rxg5 Qxg5+ 37. Kh1 Qg4 38. Nh2 Qe4 0-1

[Event "*** Titled Tuesday Blitz"]
[Site "Chess.com"]
[Date "2020.11.10"]
[Round "1"]
[White "CzechmVIII"]
[Black "Malev212"]
[Result "1-0"]
[WhiteElo "2147"]
[BlackElo "2497"]
[TimeControl "180+1"]
[EndTime "10:07:22 PST"]
[Termination "CzechmVIII won by resignation"]

1. e4 c5 2. Nf3 e6 3. Nc3 d6 4. d4 cxd4 5. Nxd4 a6 6. Be3 b5 7. Qf3 Bb7 8. Qg3 Nf6 9. f3 Nbd7 10. O-O-O Rc8 11. Kb1 Rxc3 12. bxc3 Qc7 13. Qe1 Be7 14. g4 Ne5 15. g5 Nfd7 16. f4 Nc4 17. Bxc4 Qxc4 18.
Bc1 Nc5 19. Qe2 Qa4 20. Rhe1 Nxe4 21. Bb2 O-O 22. Nb3 Rc8 23. Rd4 Rc4 24. Nd2 Rxd4 25. cxd4 Nxd2+ 26. Qxd2 Bd5 27. a3 Qc4 28. Qa5 Qc6 29.
Qc3 Qb7 30. h4 Bf8 31. h5 Be4 32. d5 Qxd5 33. h6 Qc6 34. hxg7 Be7 35. Qxc6 Bxc6 36.
Bf6 Bxf6 37. gxf6 Bf3 38. Re3 Bd5 39. Rc3 Bc4 40. Kc1 h5 41. Kd2 h4 42. Rh3 1-0

[Event "*** Titled Tuesday Blitz"]
[Site "Chess.com"]
[Date "2020.11.10"]
[Round "1"]
[White "VMikhalevski"]
[Black "ARTHURMOTIVATOR"]
[Result "1-0"]
[WhiteElo "2699"]
[BlackElo "2352"]
[TimeControl "180+1"]
[EndTime "10:07:23 PST"]
[Termination "VMikhalevski won on time"]

1. d4 Nf6 2. Nf3 g6 3. g3 Bg7 4. Bg2 O-O 5. O-O d6 6. b3 Ne4 7. Bb2 c5 8. c4 Nc6 9. e3 Bg4 10.
h3 Bxf3 11. Bxf3 Ng5 12. Bxc6 bxc6 13. h4 Ne6 14. Qd2 cxd4 15. exd4 c5 16. dxc5 Bxb2 17. Qxb2 dxc5 18. Nc3 f5 19. Rad1 Nd4 20. Nb5 e5 21. Rfe1 f4 22. Nxd4 exd4 23. Qe2 fxg3 24. Qe6+ Rf7 25.
fxg3 Qc7 26. Rd3 Rf8 27. Re2 Kg7 28. Kg2 Qb7+ 29. Qd5 Qxd5+ 30. cxd5 Rd8 31. b4 Rxd5 32.
bxc5 Rc7 33. a4 a5 34. Re4 Rdxc5 35. Rexd4 Rc2+ 36. Kh3 R7c4 37. Rd7+ Kh6 38. g4 1-0

[Event "*** Titled Tuesday Blitz"]
[Site "Chess.com"]
[Date "2020.11.10"]
[Round "1"]
[White "ZverevLev"]
[Black "Love_craft"]
[Result "0-1"]
[WhiteElo "2286"]
[BlackElo "2607"]
[TimeControl "180+1"]
[EndTime "10:07:23 PST"]
[Termination "Love_craft won on time"]

1. e4 g6 2. d4 Bg7 3. Nf3 d6 4. c3 Nf6 5. Bd3 O-O 6. O-O Nbd7 7. h3 e5 8. Re1 Nh5 9. Be3 Nf4 10. Bxf4 exf4 11.
Nbd2 Re8 12. Nf1 c5 13. a4 g5 14. Rc1 h5 15. N1h2 Qf6 16. Qd2 Qh6 17. h4 g4 18.
Ng5 cxd4 19. Qxf4 Qf6 20. Qxf6 Bxf6 21. cxd4 Bxd4 22. Bc4 Ne5 23. Bd5 g3 24. Red1 gxh2+ 25. Kxh2 Ng4+ 26. Kg1 Bxf2+ 27. Kh1 Re7 28. Bxf7+ Rxf7 29. Nxf7 Kxf7 30. Rxd6 Bg3 31. Rc7+ Ke8 32. Rg6 Bxc7 33.
Rg8+ Kd7 34. Rg7+ Kc6 0-1

[Event "*** Titled Tuesday Blitz"]
[Site "Chess.com"]
[Date "2020.11.10"]
[Round "1"]
[White "FMalexhdez"]
[Black "Goryachkina"]
[Result "1/2-1/2"]
[WhiteElo "2288"]
[BlackElo "2591"]
[TimeControl "180+1"]
[EndTime "10:07:26 PST"]
[Termination "Game drawn by repetition"]

1. e4 c5 2. Nf3 d6 3. d4 cxd4 4.
Nxd4 Nf6 5. Nc3 e5 6. Nde2 Be7 7.
h3 O-O 8. g4 Nc6 9. Bg2 Be6 10. O-O Rc8 11. Ng3 a6 12. Nf5 b5 13.
g5 Ne8 14. h4 Qd7 15. Bh3 Nd4 16. Nd5 Bd8 17. c3 Nxf5 18. exf5 Bxf5 19. Bg2 Bh3 20. Qf3 Bxg2 21. Qxg2 f6 22. f4 fxg5 23. hxg5 Qf5 24. Be3 e4 25. Rad1 Kh8 26. Rd2 Rc6 27. Rfd1 a5 28. a3 Nc7 29. Nxc7 Bxc7 30. Rd5 Qf7 31.
Qxe4 Rc4 32. Qd3 Rxf4 33. Bxf4 Qxf4 34. Rf1 Qg4+ 35. Kh1 Qh4+ 36. Kg1 Bb6+ 37. Kg2 Qg4+ 38. Kh2 Qh4+ 39. Kg2 Qg4+ 40. Kh2 Qh4+ 41. Kg2 1/2-1/2

[Event "*** Titled Tuesday Blitz"]
[Site "Chess.com"]
[Date "2020.11.10"]
[Round "1"]
[White "AlexSuv"]
[Black "northridgehawk"]
[Result "1-0"]
[WhiteElo "2568"]
[BlackElo "2244"]
[TimeControl "180+1"]
[EndTime "10:07:26 PST"]
[Termination "AlexSuv won by resignation"]

1. d4 Nf6 2. c4 g6 3. Nc3 d5 4.
Nf3 Bg7 5. Qb3 dxc4 6. Qxc4 O-O 7. e4 Nc6 8. Be2 Bg4 9. d5 Bxf3 10. gxf3 Ne5 11.
Qb3 c6 12. f4 Ned7 13. dxc6 bxc6 14. Be3 Qa5 15. O-O-O Rab8 16. Qa4 Qc7 17. e5 Nd5 18.
Nxd5 cxd5+ 19. Kb1 Nxe5 20. fxe5 Qxe5 21. Rd4 Rfc8 22.
Rhd1 Qe4+ 23. Bd3 Bxd4 24. Qxd4 Qf3 25. Bc2 Qe2 26. Qd3 Qg4 27. Qxd5 Rd8 28. Qh1 Rdc8 29. Bb3 a5 30. Qd5 e6 31. Qd4 Qf5+ 32. Ka1 a4 33. Bxa4 Rd8 34. Qc3 Rxd1+ 35. Bxd1 e5 36. Bb3 Qc8 37.
Qxc8+ Rxc8 38. a4 Kg7 39. a5 f5 40. a6 f4 41. Bb6 e4 42. a7 Rc1+ 43. Ka2 Rc8 44.
Bd5 Rd8 45. a8=Q Rxa8+ 46. Bxa8 e3 47. fxe3 f3 48. Bxf3 1-0

[Event "*** Titled Tuesday Blitz"]
[Site "Chess.com"]
[Date "2020.11.10"]
[Round "1"]
[White "Vamostodorecto"]
[Black "vovachesss"]
[Result "0-1"]
[WhiteElo "2348"]
[BlackElo "2686"]
[TimeControl "180+1"]
[EndTime "10:07:27 PST"]
[Termination "vovachesss won by resignation"]

1. d4 Nf6 2. c4 c6 3. Nc3 d5 4. Nf3 dxc4 5. a4 Bg4 6. Ne5 Nbd7 7. Nxg4 Nxg4 8. e4 e5 9. d5 Ngf6 10. dxc6 bxc6 11. Bxc4 Bc5 12. O-O O-O 13. Bg5 Qb6 14.
Qc2 a5 15. Kh1 h6 16. Bh4 Rab8 17. b3 Bd4 18. Rac1 Nh5 19. Ne2 Bc5 20. Rfd1 Rb7 21.
Ng3 Bxf2 22. Nxh5 Bxh4 23. Rf1 Nf6 24. Nxf6+ Bxf6 25. Rxf6 gxf6 26. Qe2 Kh7 27. Rf1 Qd8 28. Qh5 Rg8 29. Qf5+ Rg6 30. h4 Kg7 31. Rf3 Rd7 32.
Kh2 Rd2 33. Bf1 Qd7 34. Qh5 Rb2 35. Rd3 Rbxg2+ 36. Bxg2 Qxd3 37. Qf5 Qg3+ 0-1

[Event "*** Titled Tuesday Blitz"]
[Site "Chess.com"]
[Date "2020.11.10"]
[Round "1"]
[White "Predatoru"]
[Black "niki_2003"]
[Result "1-0"]
[WhiteElo "2496"]
[BlackElo "1960"]
[TimeControl "180+1"]
[EndTime "10:07:27 PST"]
[Termination "Predatoru won on time"]

1. d4 Nf6 2. c4 e6 3. Nc3 Bb4 4. Qc2 c5 5. dxc5 Na6 6. a3 Bxc3+ 7. Qxc3 Nxc5 8. f3 a5 9. Be3 d6 10. b4 axb4 11. axb4 Rxa1+ 12. Qxa1 Ncd7 13. Bf2 Qe7 14. e3 d5 15. Qc3 dxc4 16. Bxc4 O-O 17. Ne2 Nb6 18. e4 Nxc4 19. Qxc4 Bd7 20. Bc5 Rc8 21. Bxe7 Rxc4 22. Kd2 Ba4 23. Ra1 b5 24. Nc3 Nd7 25.
Nxa4 bxa4 26. Rxa4 h6 27. Ra8+ Kh7 28. Rd8 Ne5 29. Rb8 Nc6 30. Rb7 Nxe7 31. Rxe7 Rxb4 32. Kc3 Rb1 33. Rxf7 Rg1 34. g4 Rh1 35. Kd4 Rxh2 36. Ke5 h5 37. gxh5 Rxh5+ 38. Kxe6 Kg6 39. f4 1-0

[Event "*** Titled Tuesday Blitz"]
[Site "Chess.com"]
[Date "2020.11.10"]
[Round "1"]
[White "kamilianin235"]
[Black "PriSachu"]
[Result "1-0"]
[WhiteElo "2160"]
[BlackElo "2513"]
[TimeControl "180+1"]
[EndTime "10:07:28 PST"]
[Termination "kamilianin235 won by resignation"]

1. e4 e5 2. Nf3 Nc6 3. Bc4 Nf6 4. d3 Be7 5. c3 O-O 6. Nbd2 d5 7. exd5 Nxd5 8.
Ne4 Kh8 9. O-O Bg4 10. Re1 Nb6 11. Bb3 f5 12. Ng3 Bd6 13. h3 Bxf3 14. Qxf3 Qd7 15.
Bd2 Rae8 16. Rad1 e4 17. dxe4 fxe4 18. Qe2 Bxg3 19. fxg3 Qe7 20. Rf1 Nd7 21. Be3 Nde5 22. Rxf8+ Rxf8 23. Bd5 Nd7 24. Bxc6 bxc6 25. Qc4 Nf6 26.
Bc5 Qf7 27. Qxf7 Rxf7 28. Rd8+ Ng8 29. Bxa7 Re7 30. Be3 h6 31. a4 Kh7 32. a5 Re5 33. a6 Ra5 34. a7 Nf6 35. a8=Q Rxa8 36. Rxa8 Nd5 37. Kf2 Kg6 38. Re8 Nf6 39. Re7 Nd5 40.
Rxe4 Kf7 41. Rc4 Ne7 42. b4 Ke6 43. Bf4 Kd5 44. Rd4+ Ke6 45. Bxc7 Nd5 46. Bf4 Nxc3 47. Rd6+ Kf5 48. Rxc6 Ne4+ 49. Ke3 Nf6 50. b5 g5 51. Rxf6+ Kxf6 52. Bc7 Ke6 53. b6 Kd7 54. Ke4 Kc6 55.
Kf5 g4 56. Kxg4 Kb7 57. Kh5 Kc6 58. Kxh6 Kb7 59. g4 Kc6 60. g5 Kb7 61. g6 Kc6 62. g7 Kb7 63. g8=Q Kc6 64. Qe6+ Kb7 65. Qd5+ Ka6 66. Qa8+ Kb5 67. b7 Kc6 68. b8=Q+ Kc5 69.
Qb6+ 1-0

[Event "*** Titled Tuesday Blitz"]
[Site "Chess.com"]
[Date "2020.11.10"]
[Round "1"]
[White "anpospan"]
[Black "Harsha_Bharathakoti"]
[Result "0-1"]
[WhiteElo "2407"]
[BlackElo "2825"]
[TimeControl "180+1"]
[EndTime "10:07:30 PST"]
[Termination "Harsha_Bharathakoti won by resignation"]

1. Nf3 d5 2. b3 Bg4 3. Bb2 Bxf3 4. exf3 e6 5. f4 Nf6 6. g3 g6 7. Bg2 Bg7 8. O-O O-O 9. d3 Ne8 10. Bxg7 Nxg7 11. Nc3 Nd7 12. a4 a5 13. Qf3 c6 14.
Ne2 Qf6 15. d4 Nf5 16. c3 Nd6 17. Qe3 Rac8 18. b4 Nc4 19. Qd3 Ra8 20. h4 Ndb6 21. Rfb1 Ra7 22. Kh2 axb4 23. Rxb4 Rfa8 24. Qc2 Nc8 25.
Rab1 N8d6 26. Nc1 Na3 27. Qb3 Nxb1 28. Qxb1 Rxa4 29. Nd3 Ra1 30. Qc2 R8a2 31. Rb2 Rxb2 32. Qxb2 Ra8 33. Ne5 Qe7 34. Qb4 Kg7 35. h5 Nf5 36.
Qb1 f6 37. Nf3 Nd6 38. Bh3 Ne4 39. c4 Nxf2 40. Nh4 Nxh3 41. hxg6 Rh8 42. gxh7 Nxf4 43. gxf4 Rxh7 44. Qg6+ Kf8 45. Kg3 Rg7 0-1

[Event "*** Titled Tuesday Blitz"]
[Site "Chess.com"]
[Date "2020.11.10"]
[Round "1"]
[White "HouseOfDurin"]
[Black "szachuspl"]
[Result "0-1"]
[WhiteElo "2183"]
[BlackElo "2541"]
[TimeControl "180+1"]
[EndTime "10:07:30 PST"]
[Termination "szachuspl won by resignation"]

1. d4 Nf6 2. Bg5 d5 3. Bxf6 exf6 4. e3 Bd6 5. c4 dxc4 6. Bxc4 O-O 7. Nc3 f5 8. g3 Nd7 9. Bd5 c5 10. Nge2 cxd4 11.
Nxd4 Nf6 12. Bg2 f4 13. gxf4 Bg4 14. Qc2 Re8 15. O-O Rc8 16. Bxb7 Rc7 17. Bf3 Bxf4 18. Rad1 Be5 19. Kg2 Qc8 20. Rg1 h5 21. Kf1 Bxh2 22. Bxg4 Nxg4 23. Rg2 Be5 24. Qf5 Qxf5 25. Nxf5 Bxc3 26.
bxc3 Rxc3 27. Rd7 Rc1+ 28. Ke2 Rc2+ 29. Kd3 Rxa2 30. Nd6 Ne5+ 31. Kd4 Nxd7 32. Nxe8 g6 33. Rg5 Rxf2 34. Ra5 Nb8 35. Ke4 Nc6 36. Ra6 Rc2 37. Nf6+ Kg7 38. Nd5 h4 39. Kf3 h3 40. Ra1 h2 41. Rh1 Ne5+ 42. Kg3 Rd2 43. Rxh2 Rxd5 44. Kf4 Nc4 45. Ke4 Rd7 46. Re2 Nd6+ 47. Kd5 Nf5+ 48. Kc6 Re7 49. e4 Nd4+ 50. Kd6 Nxe2 51. Kxe7 a5 52.
e5 a4 0-1

[Event "*** Titled Tuesday Blitz"]
[Site "Chess.com"]
[Date "2020.11.10"]
[Round "1"]
[White "Slovak_fighter2000"]
[Black "ChessWarrior7197"]
[Result "0-1"]
[WhiteElo "2470"]
[BlackElo "2997"]
[TimeControl "180+1"]
[EndTime "10:07:31 PST"]
[Termination "ChessWarrior7197 won by resignation"]

1. d4 d5 2. Nf3 Nf6 3. c4 e6 4. Nc3 Be7 5. Bg5 h6 6. Bxf6 Bxf6 7. e3 O-O 8. Rc1 c6 9. Be2 Nd7 10. O-O dxc4 11. Bxc4 e5 12. Ne4 exd4 13. Nxf6+ Nxf6 14. Qxd4 Qe7 15. Rfd1 Be6 16. Qd6 Qxd6 17. Rxd6 Bxc4 18. Rxc4 Rfd8 19. Rcd4 Rxd6 20. Rxd6 Kf8 21. Rd3 Ke7 22.
Kf1 c5 23. Ne5 Rc8 24. b3 b5 25. Ke2 Ke6 26. f4 Nd5 27. Kd2 Nb4 28. Rc3 Nxa2 29. Rc2 Nb4 30. Rc1 f6 31. Nf3 a5 32. Nd4+ Kd5 33. Nxb5 c4 34. bxc4+ Rxc4 35. Nc3+ Kc6 36. Ra1 Rc5 37. e4 Kd7 38. g3 Nc6 39. Kd3 Kc7 40.
Nd5+ Kd6 41. Ne3 Nb4+ 42. Kd4 Kc6 43. Ra4 Rb5 44. Nc4 Kd7 45. Kc3 Nc6 46. Ne3 Rc5+ 47. Kd3 Kc7 48. Nf5 Kb6 49. Nxg7 Kb5 50. Ra1 Nb4+ 51. Kd4 Nc2+ 52. Kd3 Nxa1 53. Ne6 Rc1 54. Nd4+ Kb6 0-1

[Event "*** Titled Tuesday Blitz"]
[Site "Chess.com"]
[Date "2020.11.10"]
[Round "1"]
[White "Infernal_XaM"]
[Black "Vasily85"]
[Result "1-0"]
[WhiteElo "2816"]
[BlackElo "2405"]
[TimeControl "180+1"]
[EndTime "10:07:31 PST"]
[Termination "Infernal_XaM won by resignation"]

1. d4 Nf6 2. c4 e6 3. Nc3 Bb4 4. e3 O-O 5. Ne2 c6 6. a3 Ba5 7. b4 Bc7 8. e4 a5 9. b5 d5 10. e5 Ne4 11. Nxe4 dxe4 12. Nc3 c5 13. Be3 cxd4 14. Qxd4 Qxd4 15. Bxd4 Nd7 16. Nxe4 Bxe5 17. O-O-O b6 18. Be3 Rd8 19. Bxb6 Re8 20. Be3 Bb7 21. Nd6 Bxd6 22. Rxd6 Ne5 23. Kb2 Kf8 24. Kc3 Ke7 25.
Rd2 Rec8 26. c5 Bd5 27. a4 Nd7 28. c6 Ne5 29. Bc5+ Kf6 30. Bd4 Kf5 31. Bxe5 Kxe5 32.
Be2 Bxg2 33. Rg1 Bxc6 34. bxc6 Rxc6+ 35. Kb2 g6 36. Bb5 Rc5 37. Re1+ Kf6 38. Rd3 Rf5 39. Re2 Rc8 40. Rc3 Rd8 41. h3 Rd4 42. Kc2 Rdf4 43.
Kd1 Rxf2 44. Rxf2 Rxf2 45. Rc5 e5 46. Be2 e4 47. Rxa5 Rh2 48. Bf1 Ke6 49. Ra6+ Ke5 50.
Ra7 f5 51. a5 f4 52. a6 Ra2 53. Bc4 f3 54. Bxa2 e3 55. Bc4 Kd4 56. Rc7 g5 57. a7 h5 58. a8=Q 1-0

[Event "*** Titled Tuesday Blitz"]
[Site "Chess.com"]
[Date "2020.11.10"]
[Round "1"]
[White "Nikolakis2014"]
[Black "lefonghua"]
[Result "0-1"]
[WhiteElo "2751"]
[BlackElo "2439"]
[TimeControl "180+1"]
[EndTime "10:07:31 PST"]
[Termination "lefonghua won by resignation"]

1. Nf3 Nf6 2. c4 g6 3. g3 Bg7 4. Bg2 O-O 5. O-O d6 6. d4 Nc6 7. Nc3 a6 8. Bf4 Rb8 9. Rc1 b5 10. Nd5 bxc4 11. Nxf6+ Bxf6 12. Rxc4 Bd7 13. Qc1 Nb4 14. a3 Nd5 15. Bh6 Bg7 16. Bxg7 Kxg7 17. e4 Nf6 18. Re1 c6 19. e5 Nd5 20. Ng5 h6 21. Ne4 Nb6 22. Rc2 d5 23. Nc5 Bc8 24. Bf1 a5 25. b3 Bf5 26. Rc3 Nd7 27. Na4 Nb6 28. Nc5 Nd7 29. Nd3 Bxd3 30. Bxd3 e6 31. h4 h5 32. Bc2 Qb6 33. Qd2 c5 34. dxc5 Nxc5 35. Qd4 Nd7 36. Qxb6 Rxb6 37. Rc1 Nxe5 38. Kg2 Rfb8 39. Rc7 R6b7 40. Bd1 Kf6 41. Be2 Rxc7 42.
Rxc7 Rxb3 43. a4 Rb2 44. Bb5 Ng4 45. Kg1 Rxf2 46. Be8 Ke5 47. Bxf7 Rf3 48. Bxg6 Rxg3+ 49. Kf1 Nh2+ 50. Kf2 Rxg6 0-1

[Event "*** Titled Tuesday Blitz"]
[Site "Chess.com"]
[Date "2020.11.10"]
[Round "1"]
[White "grandcoach"]
[Black "keepitcoming"]
[Result "1/2-1/2"]
[WhiteElo "2102"]
[BlackElo "2506"]
[TimeControl "180+1"]
[EndTime "10:07:31 PST"]
[Termination "Game drawn by repetition"]

1. e4 c6 2. d4 d5 3. e5 Bf5 4.
Nf3 e6 5. Be2 c5 6. Be3 Nc6 7.
dxc5 Bg4 8. Nbd2 Nge7 9. O-O Nf5 10. Bg5 Qc7 11. Nb3 Bxf3 12. Bxf3 Nxe5 13. Re1 Be7 14. Bf4 Bf6 15. Bxd5 O-O 16. Qe2 exd5 17. Bxe5 Qc6 18. Na5 Qxc5 19. Bxf6 gxf6 20. Qg4+ Ng7 21. Re3 Qc8 22. h3 Qxg4 23. hxg4 b6 24. Nc6 Ne6 25. Ne7+ Kh8 26. Nxd5 Kg7 27. Rd1 Rac8 28. c3 Rc4 29. f3 Rd8 30. Kf2 Nf4 31. b3 Rc5 32. c4 b5 33. Re4 Nxd5 34. Red4 bxc4 35. bxc4 Ra5 36.
Rxd5 Rxa2+ 37. Kg3 Rc8 38. c5 Rc2 39. Ra1 R8xc5 40.
Rxc5 Rxc5 41. Rxa7 Rc2 42. Ra5 Rc3 43. Rb5 Rc4 44. Ra5 Rb4 45. Rc5 Rd4 46. Ra5 Rb4 47. Rc5 Rd4 48. Ra5 Rb4 1/2-1/2

[Event "*** Titled Tuesday Blitz"]
[Site "Chess.com"]
[Date "2020.11.10"]
[Round "1"]
[White "Korchmar_Vasiliy"]
[Black "kidagent"]
[Result "1-0"]
[WhiteElo "2618"]
[BlackElo "2303"]
[TimeControl "180+1"]
[EndTime "10:07:32 PST"]
[Termination "Korchmar_Vasiliy won by resignation"]

1. d4 d5 2. Nf3 Nf6 3. Bf4 c5 4. e3 cxd4 5. exd4 Nc6 6. Nbd2 Bg4 7. c3 e6 8. Qb3 Qb6 9. Qxb6 axb6 10. Bb5 Nd7 11. Ne5 Ndxe5 12. Bxe5 Kd7 13. O-O f6 14. Bg3 Bd6 15. Bxd6 Kxd6 16. Rfe1 Rhe8 17. f4 e5 18. fxe5+ fxe5 19. dxe5+ Rxe5 20. Rxe5 Nxe5 21. Nb3 Nc4 22. Bxc4 dxc4 23. Nd4 Bd7 24. a3 Rf8 25. Rd1 Kc5 26. Re1 Rf7 27. h3 g6 28. g4 h5 29. gxh5 Bxh3 30. hxg6 Rg7 31. Re5+ Kd6 32. Rg5 Bd7 33. Kf2 Ke7 34. Ke3 Kf6 35. Kf4 Bc8 36. Nf3 Bd7 37. Ne5 Be6 38. Nf3 Rc7 39. Nd2 Rg7 40. Ne4+ Ke7 41. Ke5 Bd7 42. Nf6 Be6 43.
Nh5 Rg8 44. g7 Kf7 45. Nf6 Rxg7 46. Rxg7+ Kxg7 47. Kxe6 Kg6 48. Nd5 b5 49. Nc7 1-0

[Event "*** Titled Tuesday Blitz"]
[Site "Chess.com"]
[Date "2020.11.10"]
[Round "1"]
[White "BegmuratovKh2010"]
[Black "exoticprincess"]
[Result "0-1"]
[WhiteElo "2440"]
[BlackElo "2870"]
[TimeControl "180+1"]
[EndTime "10:07:33 PST"]
[Termination "exoticprincess won by resignation"]

1. d4 d5 2. c4 c6 3. Nf3 Nf6 4. cxd5 cxd5 5. Nc3 Nc6 6. g3 Bf5 7. Bg2 e6 8. O-O Be7 9. a3 O-O 10. Ne5 Rc8 11. Nxc6 Rxc6 12. f3 Bg6 13. Be3 Qb6 14. Qd2 Rfc8 15. Bf2 Qb3 16. e4 h6 17. Qe2 Rb6 18. Rfb1 dxe4 19. fxe4 Kh7 20. Bf3 Qc4 21. Qe1 Rb3 22. Bd1 Rxc3 23. bxc3 Bxe4 24. Rb2 Qxc3 25. Qxc3 Rxc3 26. Be2 Bd5 27. Be1 Rxa3 28. Rxa3 Bxa3 29. Rb1 Bd6 30. Bd3+ Kg8 31. h3 Bc6 32.
Kf2 Kf8 33. Ke3 Ke7 34. g4 Nd5+ 35. Ke2 Nf4+ 36. Kd2 Nxh3 37. Bh4+ g5 38. Be1 Nf4 39. Bc4 a6 40. Bb3 b5 41. Bc2 Nd5 42. Bf2 Bf4+ 43. Kd3 Bd6 44. Kd2 a5 45. Bd3 b4 46. Kc2 a4 47.
Rg1 Nf4 48. Kb2 Nxd3+ 0-1

[Event "*** Titled Tuesday Blitz"]
[Site "Chess.com"]
[Date "2020.11.10"]
[Round "1"]
[White "mc4chess"]
[Black "Fandorine"]
[Result "0-1"]
[WhiteElo "2412"]
[BlackElo "2837"]
[TimeControl "180+1"]
[EndTime "10:07:33 PST"]
[Termination "Fandorine won on time"]

1. e4 c5 2. Nf3 d6 3. d4 cxd4 4.
Nxd4 Nf6 5. Nc3 a6 6. h3 e6 7. g4 h6 8. Bg2 g5 9. O-O Nbd7 10.
Nde2 Ne5 11. f4 gxf4 12. Bxf4 Nfd7 13. Kh1 b5 14. Ng3 Bb7 15. a3 Qc7 16. Qd4 Qc5 17.
Qd2 Nc4 18. Qc1 Be7 19. Nh5 Bg5 20. Ng7+ Ke7 21. Nh5 Rac8 22. Qe1 Nxb2 23. Nd5+ exd5 24. exd5+ Kd8 25. Bxg5+ hxg5 26. Rxf7 Ne5 27. Rxb7 Nbc4 28. Qf1 Nd7 29. Rxd7+ Kxd7 30. Qf7+ Kd8 31. Re1 Ne5 32. Qg7 Re8 33. Nf6 Qc3 34. Rf1 Rc7 35.
Qxg5 Nf7 36. Qh4 Rh8 37. Nh5+ Kc8 38. g5 Ne5 39. Kh2 Kb7 40. Rf6 Qxc2 41. g6 Nxg6 42.
Qg5 Ne5 43. Re6 Nf3+ 0-1

[Event "*** Titled Tuesday Blitz"]
[Site "Chess.com"]
[Date "2020.11.10"]
[Round "1"]
[White "CM_rui"]
[Black "Mazetovic"]
[Result "0-1"]
[WhiteElo "2393"]
[BlackElo "2754"]
[TimeControl "180+1"]
[EndTime "10:07:33 PST"]
[Termination "Mazetovic won by checkmate"]

1. e4 c5 2. Nf3 Nc6 3. c4 g6 4.
d4 cxd4 5. Nxd4 Bg7 6. Be3 Nf6 7. Nc3 d6 8. Be2 O-O 9. O-O Bd7 10. Rc1 Nxd4 11.
Bxd4 Bc6 12. f3 a5 13. Kh1 Nd7 14. Bxg7 Kxg7 15. Qd4+ f6 16. f4 Nc5 17. Rcd1 b6 18.
Qe3 Qc7 19. f5 Nd7 20. h4 Ne5 21. g4 gxf5 22. gxf5 Kh8 23. Qh6 Rg8 24. Rg1 Rxg1+ 25. Rxg1 Rg8 26. Bh5 Rxg1+ 27. Kxg1 Qd8 28. Bg6 Qg8 29.
h5 Qg7 30. Qe3 hxg6 31. hxg6 Nxg6 32. fxg6 Qxg6+ 33. Kf2 Kg7 34. Qxb6 Bxe4 35. Nxe4 Qxe4 36. Qxa5 Qc2+ 37. Kf3 Qxb2 38. Qa7 Qc3+ 39. Kg2 Kf7 40. Qa6 f5 41. a4 f4 42. a5 Qg3+ 43. Kf1 f3 44. c5 Qg2+ 45. Ke1 f2+ 46. Kd2 f1=Q+ 47. Ke3 Qxa6 48. cxd6 Qxd6 49. a6 e5 50. a7 Qd4# 0-1